 Dungeon Crawl Stone Soup version 0.28-a0-1567-g1695149f81 (webtiles) character file.

Game seed: 1747797986403640293

1333 croobank the Ducker (level 8, -17/48 HPs)
             Began as an Octopode Transmuter on Jan 19, 2022.
             Was a Follower of Hepliaklqana.
             Demolished by an ogre (34 damage)
             ... on level 6 of the Dungeon.
             The game lasted 00:21:04 (6328 turns).

croobank the Ducker (Octopode Transmuter)           Turns: 6328, Time: 00:21:05

Health: -17/48     AC:  1    Str:  9    XL:     8   Next: 61%
Magic:  14/14      EV: 18    Int: 17    God:    Hepliaklqana [*.....]
Gold:   272        SH:  5    Dex: 13    Spells: 8/16 levels left

rFire   . . .      SeeInvis .   j - +2 hand axe (distort)
rCold   + . .      Faith    .   (no shield)
rNeg    . . .      Spirit   .   (helmet currently unavailable)
rPois   .          Reflect  +   x - amulet of reflection
rElec   .          Harm     .   h - ring of protection from cold
rCorr   .          Rampage  .   F - +4 ring of evasion
Will    .....                   (no ring)
Stlth   ++........              (no ring)
HPRegen 0.16/turn               (no ring)
MPRegen 0.14/turn               (no ring)
                                (no ring)
                                (no ring)

@: appendages
A: tentacle spike 3, reduced essence, almost no armour, amphibious, 8 rings,
camouflage 1, gelatinous body 1, (nimble swimmer 1), tentacles
a: End Transformation, Renounce Religion, Recall Ancestor, Ancestor Identity


You were on level 6 of the Dungeon.
You worshipped Hepliaklqana.
Hepliaklqana was aware of your devotion.
One of your tentacles had grown a beastly spike.
You visited 2 branches of the dungeon, and saw 7 of its levels.

You collected 272 gold pieces.

Inventory:

Hand Weapons
 f - a +1 dagger of electrocution
 j - a +2 hand axe of distortion (weapon)
 k - a +1 dagger of pain
 m - a +3 short sword of venom
 B - a +0 shortbow
Missiles
 a - 3 boomerangs (quivered)
 o - 53 stones
 r - 43 arrows
 A - 6 poisoned darts
 C - a throwing net
Magical Staves
 E - a staff of conjuration
Jewellery
 h - a ring of protection from cold (left tentacle)
 v - a ring of ice
 x - an amulet of reflection (around mantle)
 F - a +4 ring of evasion (right tentacle)
Wands
 c - a wand of acid (8)
Scrolls
 e - 2 scrolls of teleportation
 l - 2 scrolls of fear {unknown}
 n - a scroll of amnesia {unknown}
 q - 2 scrolls of blinking {unknown}
 y - a scroll of magic mapping {unknown}
 D - a scroll of immolation {unknown}
Potions
 b - 3 potions of cancellation
 d - 3 potions of attraction
 g - a potion of flight {unknown}
 i - a potion of magic {unknown}
 p - a potion of lignification {unknown}
 s - a potion of might
 t - a potion of berserk rage {unknown}
 u - 2 potions of curing
 w - a potion of invisibility
 z - a potion of mutation {unknown}


   Skills:
 + Level 4.5 Fighting
 + Level 4.0 Axes
 + Level 4.9 Dodging
 - Level 3.3 Unarmed Combat
 + Level 4.6 Spellcasting
 + Level 4.9 Transmutations


You had 8 spell levels left.
You knew the following spells:

 Your Spells              Type           Power      Damage    Failure   Level
a - Beastly Appendage     Tmut           40%        N/A       1%          1
b - Wereblood             Tmut           20%        N/A       3%          2
c - Blink                 Tloc           6%         N/A       22%         2
d - Magic Dart            Conj           12%        1d3       16%         1
e - Searing Ray           Conj           6%         2d4       22%         2

Your spell library contained the following spells:

 Spells                   Type           Power      Damage    Failure   Level
 Passwall                 Tmut/Erth      10%        N/A       9%          2
 Sandblast                Erth           6%         2d5       16%         1
 Spider Form              Tmut/Pois      12%        N/A       16%         3
 Lesser Beckoning         Tloc           3%         N/A       41%         3
 Stone Arrow              Conj/Erth      6%         3d7       41%         3
 Ice Form                 Ice/Tmut       12%        N/A       47%         4
 Fulminant Prism          Conj/Hex       1%         3d6       83%         4
 Manifold Assault         Tloc           3%         N/A       99%         5


Dungeon Overview and Level Annotations

Branches:
Dungeon (6/15)             Temple (1/1) D:4

Altars:
Ashenzari
Cheibriados
Dithmenos
Elyvilon
Hepliaklqana
Makhleb
Nemelex Xobeh
Ru
Sif Muna
Trog
Uskayaw
Wu Jian
Xom
Yredelemnul
Zin

Shops:
D:4 *

Annotations:
D:2 1 runed translucent door, Crazy Yiuf
D:3 2 transporters, voltaire321's ghost, amateur DEEE


Innate Abilities, Weirdness & Mutations

One of your tentacles has grown a beastly spike.
Your life essence is reduced to manifest your ancestor. (-10% HP)
You cannot wear most types of armour.
You are amphibious.
You can wear up to eight rings at the same time.
Your skin changes colour to match your surroundings (Stealth+).
Your rubbery body absorbs attacks. (AC +1, EV +1)
((You are camouflaged when in or above water. (Stealth+)))
You have tentacles for arms and can constrict up to eight enemies at once.


Message History

You squeeze the adder.
You kill the adder!
Found a ring mail.
You now have 272 gold pieces (gained 12).
Your transformation is almost over.
Your tentacle spike disappears.
HP restored.
A - 6 poisoned darts (gained 3)
You swap places.
u - 2 potions of curing (gained 1)
Found a mace.
You see here a +0 mace.
Found a stone staircase leading down.
l - 2 scrolls labelled OWIMUMI KAERUH (gained 1)
There is a stone staircase leading down here.
Search for what [Enter for "Hepl", or ? for help]? gold
o - 53 stones (gained 14)
Found an escape hatch in the floor.
A hound comes into view.
Casting: Beastly Appendage (safe; 1% risk of failure)
Confirm with . or Enter, or press ? or * to list all spells.
One of your tentacles grows a vicious spike.
The hound barks!
You hit the hound.
Space warps horribly around the hound!
You kill the hound!
Your Axes skill increases to level 4!
Magic restored.
An ogre comes into view. It is wielding a +0 giant club.
Casting: Beastly Appendage (safe; 1% risk of failure)
Confirm with . or Enter, or press ? or * to list all spells.
You fail to extend your transformation any further.
Found a bubbling coppery potion.
The ogre hits you with a +0 giant club!!
Ouch! That really hurt!
You hit the ogre but do no damage.
Space warps around the ogre!
You pierce the ogre.
You squeeze the ogre.
The ogre is heavily wounded.
The ogre hits you with a +0 giant club!!
Ouch! That really hurt!
You die...

## .. .# ####### .#
#.....## #
.#####.#.#..#!###.#
.##........@O.....#
#####.##.#..#.#.R#.#####
......##.##.....## #
####...#.########
.....#.#.# ####...#.#
##.##.## #.....# ####>##


You could see the friendly Artakama the ancestor and an ogre (ally target).

Vanquished Creatures
  A sky beast (D:5)
  A centaur (D:5)
  2 kobold brigands
  3 scorpions (D:5)
  3 orc priests
  6 hounds
  A centaur skeleton (D:4)
  Ijyb (D:3)
  3 orc wizards
  2 iguanas
  A hound skeleton (D:4)
  3 gnolls (D:5)
  5 adders
  An adder skeleton (D:4)
  2 worms
  3 dart slugs
  18 orcs
  7 endoplasms
  5 giant cockroaches
  7 goblins
  9 hobgoblins
  3 jackals (D:2)
  7 kobolds
  7 quokkas
  7 ball pythons
  8 bats
  12 frilled lizards
  9 rats
137 creatures vanquished.

Vanquished Creatures (others)
  8 plants (D:2)
8 creatures vanquished.

Grand Total: 145 creatures vanquished

Notes
Turn   | Place    | Note
-------+----------+-------------------------------------------
     0 | D:1      | croobank the Octopode Transmuter began the quest for the
                  | Orb.
     0 | D:1      | Reached XP level 1. HP: 13/13 MP: 3/3
   312 | D:1      | Reached XP level 2. HP: 11/18 MP: 3/5
   455 | D:1      | Learned a level 2 spell: Wereblood
   689 | D:1      | Learned a level 2 spell: Blink
   818 | D:1      | Reached XP level 3. HP: 17/23 MP: 4/6
   821 | D:1      | Found a faded altar of an unknown god.
   968 | D:1      | Learned a level 1 spell: Magic Dart
  1539 | D:2      | Reached XP level 4. HP: 26/29 MP: 5/7
  1642 | D:2      | Learned a level 2 spell: Searing Ray
  1666 | D:2      | Found a runed translucent door.
  1667 | D:2      | Noticed Crazy Yiuf
  1729 | D:2      | Found a snail-covered altar of Cheibriados.
  2284 | D:3      | Found a transporter.
  2290 | D:3      | Found a transporter.
  2290 | D:3      | Noticed voltaire321's ghost (amateur DEEE)
  2567 | D:3      | Reached XP level 5. HP: 34/34 MP: 9/9
  2591 | D:3      | Noticed Ijyb
  2612 | D:3      | Killed Ijyb
  2613 | D:3      | Reached skill level 1 in Axes
  2891 | D:3      | Noticed an ogre
  3368 | D:3      | Reached XP level 6. HP: 33/41 MP: 7/10
  4006 | D:4      | Found a staircase to the Ecumenical Temple.
  4122 | D:4      | Reached XP level 7. HP: 21/46 MP: 10/12
  4156 | Temple   | Entered the Ecumenical Temple
  4444 | Temple   | Became a worshipper of Hepliaklqana the Forgotten
  4818 | D:4      | Found Effywapn's Fire Supplies.
  5241 | D:5      | Entered Level 5 of the Dungeon
  5558 | D:5      | Found a bloodstained altar of Trog.
  5656 | D:5      | Reached XP level 8. HP: 50/54 MP: 12/14
  5971 | D:5      | Identified the +5 ring mail of Gotoresch {rN++ SInv Stlth+}
  5992 | D:5      | Reached * piety under Hepliaklqana
  5999 | D:5      | Found a basalt altar of Yredelemnul.
  6328 | D:6      | Demolished by an ogre

Illustrated notes

Levels and vault maps discovered:
D:1:      nagdon_arrival_zigzag_paths, layout_basic,
          ebering_ecumenical_altar_petrified
D:2:      layout_rooms, basic_altar, minivault_25, minmay_lizard_king,
          uniq_crazy_yiuf_cottage
D:3:      layout_loops_cross, gammafunk_ghost_arena, serial_co_window_serial,
          co_window_of_opportunity_a, co_window_corner_a,
          co_window_of_opportunity_a, co_window_of_opportunity_a,
          co_window_corner_a, co_window_corner_cb, co_window_cross_2,
          co_window_corner_b, co_window_corner_b, co_window_of_opportunity_b,
          co_window_2corner, co_window_4corner_a, glass_columns_a,
          glass_columns_b, uniq_ijyb
D:4:      layout_loops_ring, minmay_temple_entry_grid, nicolae_shop_fire_sale
          [nicolae_sub_dead_trees]
D:5:      layout_basic, lemuel_coloured_pillars_altar, trog_butcher_becter
D:6:      layout_loops_ring, glass_columns_a, uniq_eustachio, uniq_duvessa
Temple:   minmay_temple_bridge_abc

Skill      XL: |  1  2  3  4  5  6  7  8 |
---------------+-------------------------+-----
Fighting       | 2 3 4 |  4.5
Axes           | 1 2 3 4 |  4.0
Dodging        | 3 4 |  4.9
Transmutations | 3 4 |  4.9
Spellcasting   | 3 4 |  4.6
Unarmed Combat | |  3.3

Action                   |  1- 3 |  4- 6 |  7- 9 || total
-------------------------+-------+-------+-------++-------
Melee: Unarmed           |    52 |       |       ||    52
       Kick              |    17 |    13 |    30 ||    60
       Constrict         |    19 |    19 |    21 ||    59
       Punch             |     3 |     2 |     2 ||     7
       Tentacles         |    11 |     8 |    16 ||    35
       Dagger            |    18 |       |       ||    18
       Hand axe          |    38 |    79 |    87 ||   204
Throw: Boomerang         |       |     6 |       ||     6
 Cast: Beastly Appendage |    22 |    25 |    22 ||    69
       Wereblood         |       |     5 |     4 ||     9
Evoke: Wand              |       |     1 |       ||     1
  Use: Scroll            |       |     5 |     1 ||     6
       Potion            |       |     4 |       ||     4
 Stab: Sleeping          |     6 |     7 |     2 ||    15
       Invisible         |       |     1 |       ||     1
Armor: Skin              |    15 |     4 |     3 ||    22
Dodge: Dodged            |    85 |    37 |    47 ||   169
Block: Other             |       |       |    11 ||    11

Table legend: (Time is in decaauts)
 A = Elapsed time spent in this place.
 B = Non-inter-level travel time spent in this place.
 C = Inter-level travel time spent in this place.
 D = Time resting spent in this place.
 E = Time spent auto-exploring this place.
 F = Levels seen in this place.
 G = Mean time per level.
                   A        B        C        D        E       F      G
               +--------+--------+--------+--------+--------+-----+--------+
         Total |   6368 |   6094 |    274 |    866 |   3791 |   7 |  909.7 |
       Dungeon |   6059 |   5834 |    225 |    866 |   3549 |   6 | 1009.8 |
        Temple |    308 |    259 |     49 |      0 |    242 |   1 |  308.0 |
               +--------+--------+--------+--------+--------+-----+--------+

Top non-repeatable levels by time:
     D:4: 1316 daAuts
     D:1: 1308 daAuts
     D:3: 1285 daAuts
     D:2: 1271 daAuts
     D:5: 713 daAuts
  Temple: 308 daAuts
     D:6: 164 daAuts
